 Dungeon Sprint DCSS version 0.17-a0-1625-g47e540b (webtiles) character file.

1700000 hexophile the Axe Maniac (level 17, -75/142 HPs)
             Began as a Demonspawn Warper on Aug 2, 2015.
             Was an Elder of Makhleb.
             Annihilated by a destroyer
             ... wielding a +9 great sword of slicing
              (215 damage)
             ... in the Dungeon (Sprint VIII: "Arena of Blood").
             The game lasted 00:01:00 (17 turns).

hexophile the Axe Maniac (Demonspawn Warper)          Turns: 17, Time: 00:01:00

Health: -75/142    AC:  8    Str: 17    XL:     17   Next: 15%
Magic:  15/35      EV: 21    Int: 14    God:    Makhleb [****..]
Gold:   0          SH:  0    Dex: 15    Spells: 1 memorised, 43 levels left

rFire  . . .     SeeInvis .     l - +∞ Axe of Woe
rCold  . . .     Clarity  .     b - +0 leather armour
rNeg   . . .     SustAt   .     (no shield)
rPois  .         Gourm    .     (no helmet)
rElec  +         Spirit   .     (no cloak)
rCorr  .         Warding  .     (no gloves)
rMut   .         NoTele   +     (boots unavailable)
MR     +....                    (no amulet)
Stlth  ++++++....               (no ring)
                                (no ring)

@: somewhat resistant to hostile enchantments, very stealthy
A: talons 3, thin metallic scales 3, powered by pain 3, spiny 2, augmentation 1
a: Minor Destruction, Lesser Servant of Makhleb, Major Destruction, Renounce
Religion


You were in the Dungeon.
You worshipped Makhleb.
Makhleb was greatly pleased with you.
You were not hungry.

You visited 1 branch

Inventory:

Hand weapons
 a - a +0 hand axe
 l - the +∞ Axe of Woe (weapon)
   (You found it in the Dungeon)
Missiles
 e - 5 tomahawks of dispersal (quivered)
Armour
 b - a +0 leather armour (worn)
Scrolls
 d - 2 scrolls of blinking
Potions
 g - a potion of curing
 h - a potion of heal wounds
 i - a potion of haste
 j - 2 potions of magic
 k - a potion of berserk rage
Books
 c - a book of Spatial Translocations

   Spells                             Type                      Level
   a - Apportation                    Translocation                1
   b - Blink                          Translocation                2
   c - Shroud of Golubria             Charms/Translocation         2
   d - Portal Projectile              Translocation                3
   e - Teleport Other                 Translocation                3
   f - Passage of Golubria            Translocation                4
Comestibles
 f - a bread ration


   Skills:
 + Level 15.5 Fighting
 O Level 27 Axes
 + Level 14.3 Throwing
 + Level 14.3 Armour
 + Level 14.4 Dodging
 + Level 15.4 Stealth
 + Level 14.3 Unarmed Combat
 + Level 14.4 Spellcasting
 + Level 14.5 Translocations
 + Level 19.2 Invocations


You had 43 spell levels left.
You knew the following spells:

 Your Spells              Type           Power        Failure   Level  Hunger
a - Apportation           Tloc           ######....   1%          1    None


Dungeon Overview and Level Annotations

Branches:
Dungeon (1/1)

Altars:
Makhleb


Innate Abilities, Weirdness & Mutations

You have claws for feet.
You are completely covered in thin metallic scales (AC +4, rElec).
You are powered by pain.
You are mostly covered in sharp spines.
Your magical and physical power is slightly enhanced at high health.


Message History

Your Unarmed Combat skill increases to level 14!
Your Spellcasting skill increases to level 14!
Your Translocations skill increases to level 14!
Your Invocations skill increases to level 19!
You have reached level 17!
You hear a shout! x7
A meat berserker comes into view. It is wielding a +9 battleaxe.
Unknown command.
Unknown command.
You hear a shout! x8
The destroyer blinks! 2 ogres come into view.
Things that are here:
a +9 battleaxe; a +30 ring of slaying; a meat berserker corpse Unknown command.
You hear a shout! x7
The meat berserker rages.
The destroyer hits you with a +9 great sword of slicing!!!!!
Ouch! That really hurt!
You die...

......... .......
......... .......
......... .......
#......O# .......
#.......# .......
.###......O###.......
......###............
....._..)))@.......
.#.....#.)V....#.# .
#_.<._#))........
....#..o..#...o..#.#.
......._.............
......###....o..OO#.#
.###.. ...###...o...
#.. ....# ...§.. #.
.....# ......


You could see a destroyer, 3 meat berserkers and 3 bags of meat.

Vanquished Creatures
  3 ogres (D)
  6 orcs (D)
9 creatures vanquished.

Notes
Turn   | Place    | Note
--------------------------------------------------------------
     0 | D        | hexophile the Demonspawn Warper began the quest for the Orb.
     0 | D        | Reached XP level 1. HP: 16/16 MP: 3/3
     3 | D        | Noticed a bag of meat
     4 | D        | Became a worshipper of Makhleb the Destroyer
     7 | D        | Noticed a bag of meat
     7 | D        | Noticed a bag of meat
     8 | D        | Noticed a bag of meat
     8 | D        | Noticed a bag of meat
     8 | D        | Noticed a meat berserker
     8 | D        | Noticed a bag of meat
     9 | D        | Noticed a meat berserker
    10 | D        | Noticed a meat berserker
    11 | D        | Killed a bag of meat
    11 | D        | Reached skill level 24 in Axes
    11 | D        | Gained mutation: You are partially covered in thin metallic scales (AC +2). [demonic ancestry]
    11 | D        | Reached XP level 2. HP: 22/22 MP: 5/5
    11 | D        | Reached XP level 3. HP: 27/27 MP: 6/6
    11 | D        | Gained mutation: You sometimes gain a little power by taking damage. [demonic ancestry]
    11 | D        | Reached XP level 4. HP: 33/33 MP: 7/7
    11 | D        | Gained mutation: You are partially covered in sharp spines. [demonic ancestry]
    11 | D        | Reached XP level 5. HP: 38/38 MP: 8/8
    11 | D        | Gained mutation: You sometimes gain power by taking damage. [demonic ancestry]
    11 | D        | Reached XP level 6. HP: 44/44 MP: 9/9
    11 | D        | Gained mutation: You have sharp toenails. [demonic ancestry]
    11 | D        | Reached XP level 7. HP: 50/50 MP: 10/10
    11 | D        | Gained mutation: You are powered by pain. [demonic ancestry]
    11 | D        | Reached XP level 8. HP: 56/56 MP: 11/11
    11 | D        | Gained mutation: You have razor-sharp toenails. [demonic ancestry]
    11 | D        | Reached XP level 9. HP: 61/61 MP: 12/12
    11 | D        | Reached XP level 10. HP: 67/67 MP: 13/13
    11 | D        | Reached XP level 11. HP: 72/72 MP: 14/14
    11 | D        | Killed a meat berserker
    11 | D        | Acquired Makhleb's first power
    11 | D        | Reached skill level 27 in Axes
    11 | D        | Reached skill level 5 in Throwing
    11 | D        | Reached skill level 5 in Armour
    11 | D        | Reached skill level 5 in Dodging
    11 | D        | Reached skill level 5 in Stealth
    11 | D        | Reached skill level 5 in Unarmed Combat
    11 | D        | Reached skill level 5 in Spellcasting
    11 | D        | Gained mutation: You are mostly covered in sharp spines. [demonic ancestry]
    11 | D        | Reached XP level 12. HP: 78/88 MP: 14/20
    11 | D        | Gained mutation: You are mostly covered in thin metallic scales (AC +3). [demonic ancestry]
    11 | D        | Reached XP level 13. HP: 82/93 MP: 14/21
    12 | D        | Noticed a bag of meat
    12 | D        | Noticed a bag of meat
    12 | D        | Killed a meat berserker
    12 | D        | Gained mutation: You have claws for feet. [demonic ancestry]
    12 | D        | Reached XP level 14. HP: 99/109 MP: 14/27
    12 | D        | Killed a meat berserker
    12 | D        | Acquired Makhleb's second power
    12 | D        | Reached skill level 10 in Throwing
    12 | D        | Reached skill level 10 in Armour
    12 | D        | Reached skill level 10 in Unarmed Combat
    12 | D        | Gained mutation: You are completely covered in thin metallic scales (AC +4, rElec). [demonic ancestry]
    12 | D        | Reached XP level 15. HP: 104/120 MP: 14/30
    12 | D        | Killed a bag of meat
    12 | D        | Reached skill level 15 in Invocations
    13 | D        | Noticed a bag of meat
    13 | D        | Killed a bag of meat
    13 | D        | Acquired Makhleb's third power
    13 | D        | Gained mutation: Your magical and physical power is slightly enhanced at high health. [demonic ancestry]
    13 | D        | Reached XP level 16. HP: 128/131 MP: 14/32
    14 | D        | Killed a bag of meat
    14 | D        | Killed a bag of meat
    15 | D        | Noticed a destroyer
    15 | D        | Noticed a bag of meat
    15 | D        | Killed a bag of meat
    15 | D        | Acquired Makhleb's fourth power
    15 | D        | Reached skill level 15 in Fighting
    15 | D        | Reached skill level 15 in Stealth
    15 | D        | Reached XP level 17. HP: 139/142 MP: 14/35
    16 | D        | Noticed a meat berserker
    17 | D        | Noticed a meat berserker
    17 | D        | Noticed a meat berserker
    17 | D        | Annihilated by a destroyer

Vault maps used:
D:        meatsprint

Action                   |  1- 3 |  4- 6 |  7- 9 | 10-12 | 13-15 | 16-18 || total
-------------------------+-------+-------+-------+-------+-------+-------++-------
Melee: Executioner's axe |     1 |       |       |       |       |     2 ||     3
